 Dungeon Crawl Stone Soup version 0.29.1-4-g47bece8355 (webtiles) character file.

Game seed: 3836552791422404534

621081 concernfroge the Warrior (level 27, -14/240 HPs)
             Began as a Mummy Monk on Dec 10, 2022.
             Was a High Priest of Ashenzari.
             Killed from afar by a Hell Sentinel (43 damage)
             ... with damnation
             ... on level 5 of the Realm of Zot on Dec 11, 2022.
             The game lasted 07:21:29 (75822 turns).

concernfroge the Warrior (Mummy Monk)              Turns: 75822, Time: 07:21:29

Health: -14/240    AC: 42    Str: 24      XL:     27
Magic:  24/24      EV: 15    Int: 10      God:    Ashenzari [*****.]
Gold:   7660       SH: 25    Dex: 17 (18) Spells: 27/27 levels left

rFire   + + .      SeeInvis +   a - +9 double sword "Manifest Foul Odours" {vorpal, Range, Self} (curse)
rCold   + + .      Faith    .   Z - +2 tower shield "Thunder Perfect Mind" {rF+, Melee, Self} (curse)
rNeg    + + +      Spirit   .   K - +9 gold dragon scales
rPois   ∞          Reflect  .   J - +1 helmet "Ruined Together" {Self, Bglg} (curse)
rElec   .          Harm     .   c - scarf "Profound Omen" {repulsion, Self, Fort} (curse)
rCorr   +          Rampage  +   t - +2 pair of gloves "Cursed Together" {Fort, Cun} (curse)
Will    ++++.      Clarity  +   g - +1 pair of boots of Ashenzari's Portent {Fly, Cun, Melee} (curse)
Stlth   ..........              W - amulet "Bound Soothsayer" {Rampage Regen+ rCorr, Cun, Fort} (curse)
HPRegen 1.30/turn               L - ring of the Lashed Portent {rF+, Comp, Range} (curse)
MPRegen 0.19/turn               u - ring "At What Cost Knowledge?" {Will+ Slay+6, Evo, Melee} (curse)

@: flying, studying Throwing, repel missiles
A: cold resistance 1, negative energy resistance 3, torment resistance 2, heat
vulnerability 1, in touch with death 2, no potions
0: Orb of Zot
}: 3/15 runes: serpentine, barnacled, slimy
a: Renounce Religion, Shatter the Chains


You were on level 5 of the Realm of Zot.
You worshipped Ashenzari.
Ashenzari was extremely pleased with you.
You visited 12 branches of the dungeon, and saw 55 of its levels.
You visited the Abyss 1 time.
You also visited: Bailey and Ice Cave.

You collected 7825 gold pieces.
You spent 165 gold pieces at shops.

Inventory:

Hand Weapons
 a - the cursed +9 double sword "Manifest Foul Odours" (weapon) {vorpal, Range, Self}
   (You took it off Urug on level 1 of the Lair of Beasts)

   It inflicts extra damage upon your enemies.
   It has a curse which improves the following skills: Ranged Combat: Ranged
   Weapons and Throwing.
   Introspection: Fighting and Spellcasting.
 b - a +2 double sword of flaming
 k - a +9 demon trident of freezing
Missiles
 e - 5 silver boomerangs
 f - 20 atropa-tipped darts
 l - 2 throwing nets
 q - 13 boomerangs
 s - 17 boomerangs of dispersal
 x - 6 curare-tipped darts
 y - 10 javelins
 E - 15 silver javelins (quivered)
 F - 59 poisoned darts
Armour
 c - the cursed scarf "Profound Omen" (worn) {repulsion, Self, Fort}
   (You found it on level 12 of the Dungeon)

   It has a curse which improves the following skills: Introspection: Fighting
   and Spellcasting.
   Fortitude: Armour and Shields.
 g - the cursed +1 pair of boots of Ashenzari's Portent (worn) {Fly, Cun, Melee}
   (You found it on level 3 of the Elven Halls)

   It has a curse which improves the following skills: Cunning: Dodging and
   Stealth.
   Melee Combat: Short Blades, Long Blades, Axes, Maces & Flails, Polearms,
   Staves and Unarmed Combat.
 t - the cursed +2 pair of gloves "Cursed Together" (worn) {Fort, Cun}
   (You found it on level 3 of the Dungeon)

   It has a curse which improves the following skills: Fortitude: Armour and
   Shields.
   Cunning:   Dodging and Stealth.
 w - a +10 crystal plate armour
 J - the cursed +1 helmet "Ruined Together" (worn) {Self, Bglg}
   (You found it on level 3 of the Lair of Beasts)

   It has a curse which improves the following skills: Introspection: Fighting
   and Spellcasting.
   Beguiling: Conjurations, Hexes and Translocations.
 K - +9 gold dragon scales (worn)
 Z - the cursed +2 tower shield "Thunder Perfect Mind" (worn) {rF+, Melee, Self}
   (You took it off a vault warden on level 4 of the Vaults)

   It has a curse which improves the following skills: Melee Combat: Short
   Blades, Long Blades, Axes, Maces & Flails, Polearms, Staves and Unarmed
   Combat.
   Introspection: Fighting and Spellcasting.
Jewellery
 u - the cursed ring "At What Cost Knowledge?" (right hand) {Will+ Slay+6, Evo, Melee}
   (You acquired it on level 15 of the Dungeon)

   [ring of willpower]

   Slay:      It affects your accuracy & damage with ranged weapons and melee
   (+6).
   Will:      It increases your willpower.
   It has a curse which improves the following skills: Evocations: Evocations.
   Melee Combat: Short Blades, Long Blades, Axes, Maces & Flails, Polearms,
   Staves and Unarmed Combat.
 L - the cursed ring of the Lashed Portent (left hand) {rF+, Comp, Range}
   (You found it on level 2 of the Lair of Beasts)

   [ring of protection from fire]

   rF:        It protects you from fire.
   It has a curse which improves the following skills: Companions: Summonings
   and Necromancy.
   Ranged Combat: Ranged Weapons and Throwing.
 W - the cursed amulet "Bound Soothsayer" (around neck) {Rampage Regen+ rCorr, Cun, Fort}
   (You found it on level 5 of the Lair of Beasts)

   [amulet of regeneration]

   Regen:     It increases your rate of health regeneration.
   rCorr:     It protects you from acid and corrosion.
   Rampage:   It bestows one free step when moving towards enemies.
   It has a curse which improves the following skills: Cunning: Dodging and
   Stealth.
   Fortitude: Armour and Shields.
 Y - the amulet "Ixkul" {Reflect Rampage rC+ SH+5}
   (You found it on level 5 of the Pits of Slime)

   [amulet of reflection]

   It reflects blocked missile attacks.
   rC:        It protects you from cold.
   SH:        It affects your SH (+5).
   Rampage:   It bestows one free step when moving towards enemies.
Wands
 j - a wand of light (11)
 r - a wand of paralysis (17)
 A - a wand of polymorph (19)
 G - a wand of mindburst (29)
 S - a wand of digging (4)
 T - a wand of flame (31)
Scrolls
 h - a scroll of enchant armour
 i - 5 scrolls of vulnerability
 n - a scroll of fear
 p - 2 scrolls of poison
 B - 4 scrolls of immolation
 H - a scroll of torment
 M - 5 scrolls of silence
 Q - 3 scrolls of noise
 R - 9 scrolls of amnesia
 U - 4 scrolls of fog
 V - a scroll of brand weapon
Miscellaneous
 d - a lightning rod (4/4)
 v - a condenser vane (inert)
 C - a phial of floods (inert)
 I - a tin of tremorstones (inert)
 N - a box of beasts (inert)
 X - a phantom mirror (inert)


   Skills:
 - Level 19.8(24.9) Fighting
 - Level 13.1(17.5) Long Blades
 - Level 12.8(17.3) Polearms
 - Level 13.7(17.1) Throwing
 + Level 17.5(21.8) Armour
 - Level 18.7(22.9) Dodging
 - Level 1.5(4.4) Stealth
 + Level 17.5(21.8) Shields
 - Level 15.8(18.0) Evocations


You had 27 spell levels left.
You didn't know any spells.
Your spell library contained the following spells:

 Spells                   Type           Power      Damage    Failure   Level
 Apportation              Tloc           2%         N/A       100%        1
 Foxfire                  Conj/Fire      0%         2x1d4     100%        1
 Magic Dart               Conj           4%         1d3       100%        1
 Necrotise                Necr           8%         1d4       100%        1
 Sandblast                Erth           0%         2d4       100%        1
 Slow                     Hex            0%         N/A       100%        1
 Sting                    Tmut/Pois      0%         1d3       100%        1
 Summon Small Mammal      Summ           4%         N/A       100%        1
 Ensorcelled Hibernation  Hex/Ice        0%         N/A       100%        2
 Poisonous Vapours        Pois/Air       0%         N/A       100%        2
 Searing Ray              Conj           2%         2d4       100%        2
 Static Discharge         Conj/Air       0%         3-3/arc   100%        2
 Call Canine Familiar     Summ           1%         N/A       100%        3
 Confusing Touch          Hex            0%         N/A       100%        3
 Conjure Flame            Conj/Fire      0%         6-21      100%        3
 Dazzling Flash           Conj/Hex       0%         N/A       100%        3
 Frozen Ramparts          Ice            0%         1d1       100%        3
 Gell's Gravitas          Tloc           1%         N/A       100%        3
 Ignite Poison            Fire/Tmut/Pois 0%         N/A       100%        3
 Inner Flame              Hex/Fire       0%         N/A       100%        3
 Lesser Beckoning         Tloc           1%         N/A       100%        3
 Stone Arrow              Conj/Erth      0%         3d7       100%        3
 Summon Guardian Golem    Hex/Summ       0%         N/A       100%        3
 Swiftness                Air            0%         N/A       100%        3
 Teleport Other           Tloc           1%         N/A       100%        3
 Tukima's Dance           Hex            0%         N/A       100%        3
 Vampiric Draining        Necr           2%         2d6       100%        3
 Anguish                  Hex/Necr       1%         N/A       100%        4
 Animate Armour           Summ/Erth      0%         N/A       100%        4
 Animate Dead             Necr           2%         N/A       100%        4
 Cause Fear               Hex            0%         N/A       100%        4
 Corpse Rot               Necr/Pois/Air  1%         N/A       100%        4
 Dispel Undead            Necr           2%         3d7       100%        4
 Flame Wave               Conj/Fire      0%         2d4       100%        4
 Fulminant Prism          Conj/Hex       0%         3d6       100%        4
 Leda's Liquefaction      Hex/Erth       0%         N/A       100%        4
 Olgreb's Toxic Radiance  Pois           0%         N/A       100%        4
 Passage of Golubria      Tloc           1%         N/A       100%        4
 Petrify                  Tmut/Erth      0%         N/A       100%        4
 Sticky Flame             Conj/Fire      0%         2d3       100%        4
 Summon Ice Beast         Ice/Summ       0%         N/A       100%        4
 Agony                    Necr           2%         N/A       100%        5
 Borgnjor's Vile Clutch   Necr/Erth      0%         N/A       100%        5
 Freezing Cloud           Conj/Ice/Air   0%         6-21      100%        5
 Irradiate                Conj/Tmut      0%         3d11      100%        5
 Iskenderun's Battlesphe  Conj           1%         2d6       100%        5
 Lee's Rapid Deconstruct  Erth           0%         3d5*      100%        5
 Lightning Bolt           Conj/Air       0%         1d11      100%        5
 Metabolic Englaciation   Hex/Ice        0%         N/A       100%        5
 Silence                  Hex/Air        0%         N/A       100%        5
 Summon Forest            Summ/Tloc      0%         N/A       100%        5
 Summon Mana Viper        Hex/Summ       0%         N/A       100%        5
 Yara's Violent Unravell  Hex/Tmut       0%         3d3       100%        5
 Conjure Ball Lightning   Conj/Air       0%         3x3d6     100%        6
 Death Channel            Necr           1%         N/A       100%        6
 Eringya's Noxious Bog    Tmut/Pois      0%         N/A       100%        6
 Simulacrum               Ice/Necr       0%         N/A       100%        6
 Summon Cactus Giant      Summ           0%         N/A       100%        6
 Enfeeble                 Hex            0%         N/A       100%        7
 Monstrous Menagerie      Summ           0%         N/A       100%        7
 Summon Hydra             Summ           0%         N/A       100%        7
 Discord                  Hex            0%         N/A       100%        8
 Disjunction              Tloc           0%         N/A       100%        8
 Ignition                 Fire           0%         3d3       100%        8
 Lehudib's Crystal Spear  Conj/Erth      0%         10d2      100%        8
 Maxwell's Capacitive Co  Air            0%         ∞         100%        8
 Dragon's Call            Summ           0%         N/A       100%        9
 Polar Vortex             Ice            0%         N/A       100%        9
 Shatter                  Erth           0%         3d5*      100%        9
 Sublimation of Blood     Necr           Unusable   N/A       N/A         2
 Wereblood                Tmut           Unusable   N/A       N/A         2
 Spider Form              Tmut/Pois      Unusable   N/A       N/A         3
 Ice Form                 Ice/Tmut       Unusable   N/A       N/A         4
 Blade Hands              Tmut           Unusable   N/A       N/A         5
 Statue Form              Tmut/Erth      Unusable   N/A       N/A         6
 Dragon Form              Tmut           Unusable   N/A       N/A         7

Dungeon Overview and Level Annotations

Branches:
Dungeon (15/15)            Temple (1/1) D:4            Lair (5/5) D:10
 Shoals (4/4) Lair:2        Snake (4/4) Lair:3        Slime (5/5) Lair:4
    Orc (2/2) D:11            Elf (3/3) Orc:2        Vaults (4/5) D:13
  Crypt (3/3) Vaults:3       Tomb (0/3) Crypt:3      Depths (4/4) D:15
    Zot (5/5) Depths:4     Bailey (visited)           IceCv (visited)

Altars:
Ashenzari
Cheibriados
Dithmenos
Fedhas
Gozag
Hepliaklqana
Kikubaaqudgha
Makhleb
Nemelex Xobeh
Okawaru
Qazlal
Ru
Sif Muna
Trog
Uskayaw
Vehumet
Wu Jian
Xom
Yredelemnul
Jiyva

Shops:
D:9 (   D:11 ([   Orc:2 (:=(   Shoals:1 (   Vaults:3 =   Depths:1 !*
Depths:3 :=:

Portals:
Hell: Depths:1 Depths:2 Depths:3 Depths:4
Abyss: Depths:3
Pandemonium: Depths:2 Depths:4
Ziggurat: Depths:1
Trove: Elf:2 (give 6 scrolls of fog)

Annotations:
Vaults:2 Bai Suzhen, Mennas


Innate Abilities, Weirdness & Mutations

You are immune to poison.
Your flesh is cold resistant. (rC+)
You are immune to negative energy. (rN+++)
You are immune to unholy pain and torment.
You are vulnerable to heat. (rF-)
You are strongly in touch with the powers of death.
You do not drink.


Message History

The burst of rock shards engulfs the balrug!
The burst of rock shards engulfs you but does no damage.
The tin is emptied!
The sun demon hits you but does no damage.
You block the sun demon's attack.
Aiming: Bolt of Light
Press: ? - help, Shift-Dir - straight line, f - balrug
Aim: a balrug, wielding a +2 demon whip of electrocution (heavily wounded, 72% to hit)
The bolt of light hits the sun demon!!
You kill the sun demon!
The bolt of light hits the balrug!!
The balrug is severely wounded.
The balrug is blinded.
The balrug gestures at you.
The sticky flame hits you but does no damage.
You are covered in liquid flames!
You are covered in liquid flames!
* * * LOW HITPOINT WARNING * * *
You hear a loud "Zot"!
You are covered in liquid flames!
* * * LOW HITPOINT WARNING * * *
A moth of wrath comes into view.
You hear a loud "Zot"!
Aiming: Bolt of Light
Press: ? - help, Shift-Dir - straight line, f - Hell Sentinel, p - balrug
Aim: a Hell Sentinel (lightly wounded, 98% to hit)
The bolt of light hits the balrug!!
The balrug is almost dead.
The bolt of light hits the Hell Sentinel!!
The Hell Sentinel is moderately wounded.
The Hell Sentinel is blinded.
You are covered in liquid flames!
* * * LOW HITPOINT WARNING * * *
You are no longer on fire.
The sentinel's mark upon you fades away.
The Hell Sentinel gestures at you.
The sphere of damnation explodes!
The damnation engulfs the balrug!!
The balrug dies!
The damnation engulfs you!!!
You die...

...##▓▓#....^...........^^,,*
.).#▓▓▓#...^................*
...##▓▓#....................*
....#▓▓#..[...........^(....*
....##▓#...................^*
....[###...........^......^.*
###...###.)................#*
####....##)....(.)........#*
######.....y....@).......#*
#####▓▓▓▓▓▓▓▓▓▓▓##1....▓▓
####▓▓▓▓...§§§§[Lz.^..^▓▓
###▓......§§..†........▓▓
###^......§§§{2.§........▓*
▓▓▓#.......○°○{§§h§.........*
.▓▓▓.....○○.○{§§§.§.........*
.^▓▓.....○○○○☼○§§§.........▓*
.q.▓.....☼h○....§§........▓▓


You could see a Hell Sentinel (blind), a dread lich (wandering), a death cob
(wandering) and a moth of wrath.

Vanquished Creatures
  the Royal Jelly (Slime:5)
  2 dread liches
  4 ancient liches
  3 orbs of fire
  Mara (Elf:3)
  A juggernaut (Depths:2)
  Parghit (Zot:3)
  Margery (Vaults:3)
  5 Killer Klowns (Zot:5)
  Saint Roka (Vaults:4)
  7 golden dragons
  A caustic shrike (Depths:2)
  Nikola (Snake:2)
  Jory (Vaults:3)
  An electric golem (Zot:5)
  17 tentacled monstrosities
  3 hellephants (Depths:1)
  A walking earthen tome (Depths:4)
  2 deep elf blademasters (Elf:3)
  22 Orb Guardians (Zot:5)
  A walking divine tome (Depths:4)
  2 liches
  2 titans
  Mlioglotl (Shoals:3)
  A walking frostbound tome (Depths:4)
  2 deep elf master archers (Elf:3)
  An ancient champion (Crypt:1)
  5 sphinxes
  8 quicksilver dragons
  22 acid blobs
  10 death cobs
  A tentacled starspawn (Abyss:1)
  4 tengu reavers
  14 storm dragons
  11 draconian monks
  7 shadow dragons
  Ilsuiw (Shoals:4)
  16 azure jellies
  12 rockslimes
  11 draconian knights
  5 nagarajas
  Donald (Snake:1)
  4 deep elf sorcerers
  13 fire giants
  15 frost giants
  Louise (Elf:1)
  An iron dragon (Depths:3)
  An orc warlord (Vaults:3)
  11 vault wardens
  3 ghost moths
  A juggernaut zombie (Crypt:3)
  11 draconian shifters
  A balrug (Abyss:1)
  Aizul (Snake:1)
  16 draconian scorchers
  15 ironbound preservers
  8 very ugly things
  14 quicksilver oozes
  8 draconian annihilators
  3 deep elf elementalists (Elf:3)
  3 draconian stormcallers
  2 ghouls (Crypt:1)
  2 reapers (Crypt:3)
  15 stone giants
  A spriggan defender (Depths:1)
  20 green draconians
  10 ironbound thunderhulks
  A caustic shrike skeleton (Crypt:3)
  5 vampire knights
  11 black draconians
  5 deep elf annihilators (Elf:3)
  5 deep elf demonologists (Elf:3)
  20 spark wasps
  9 dire elephants
  23 purple draconians
  21 white draconians
  26 yellow draconians
  20 red draconians
  A blizzard demon (D:14)
  10 jiangshi
  5 deep elf death magi
  9 fire dragons
  6 merfolk javelineers
  2 crystal guardians
  8 merfolk impalers
  9 eidola
  A quicksilver dragon zombie (Crypt:3)
  2 deep elf high priests (Elf:3)
  A mummy priest (Crypt:3)
  10 ettins
  6 spriggan zombies
  A spectral spriggan (Depths:1)
  8 yaktaur captains
  4 ice dragons
  16 great orbs of eyes
  A fenstrider witch zombie (Crypt:1)
  3 rakshasas
  3 salamander tyrants
  11 vault guards
  11 hydras
  2 peacekeepers
  5 spriggan air magi
  7 boulder beetles
  16 centaur warriors
  3 merfolk aquamancers
  2 ironbound frosthearts
  A catoblepas (D:15)
  4 merfolk avatars
  3 spriggan skeletons
  7 tengu warriors
  3 alligator snapping turtles
  2 death knights
  14 anacondas
  7 hell hogs (Depths:1)
  30 dancing weapons
  14 two-headed ogres
  12 naga warriors
  7 deep troll shamans
  4 satyrs
  5 spriggan berserkers
  A titan zombie (Crypt:3)
  6 vampire magi
  9 deep troll earth magi
  3 orc high priests (Orc:2)
  A thrashing horror (Abyss:1)
  8 hell knights
  4 soul eaters (Crypt:3)
  Urug (Lair:1)
  9 deep elf knights
  7 shock serpents
  10 naga sharpshooters
  A titan skeleton (Crypt:3)
  A shadow wraith (Abyss:1)
  21 skeletal warriors
  2 sun demons (Zot:5)
  2 wretched stars (Abyss:1)
  8 iron trolls
  18 sea snakes
  58 deep trolls
  2 flayed ghosts (Crypt:2)
  3 glowing orange brains
  A bunyip zombie (Crypt:3)
  10 lindwurms
  5 deep elf archers
  14 ironbound convokers
  2 naga ritualists (Snake:2)
  A bunyip skeleton (Crypt:3)
  13 wizards
  4 mana vipers
  An anaconda skeleton (Crypt:3)
  18 phantasmal warriors
  50 ugly things
  9 orc knights
  20 deep elf zephyrmancers
  An oklob plant (D:10)
  30 deep elf pyromancers
  9 cyclopes
  20 necromancers
  7 orc sorcerers
  9 harpies
  9 shining eyes
  9 salamanders
  13 fauns
  A wolf spider (D:14)
  14 manticores
  A moth of wrath (shapeshifter) (Elf:3)
  A stone giant zombie (Crypt:3)
  An iron dragon skeleton (Crypt:3)
  38 moths of wrath
  A rust devil (Abyss:1)
  Maurice (D:11)
  An alligator snapping turtle zombie (Crypt:3)
  A shock serpent zombie (Crypt:2)
  28 black mambas
  14 water nymphs
  A black mamba (shapeshifter) (Elf:1)
  An ice statue (IceCv)
  13 merfolk sirens
  11 vault sentinels
  4 eyes of devastation (Slime:5)
  12 naga magi
  2 molten gargoyles (Lair:3)
  9 guardian serpents
  2 smoke demons (Abyss:1)
  8 elephants
  2 centaur zombies (Crypt:3)
  The ghost of elongatedgoose the Shield-Bearer, a novice FoFi of Gozag (D:4)
  6 gargoyles
  An orange demon (Abyss:1)
  2 unseen horrors
  3 torpor snails
  2 centaur skeletons (Crypt:3)
  An orc skeleton (Crypt:1)
  A dire elephant skeleton (Crypt:3)
  10 cane toads
  A demonic crawler (Lair:5)
  5 rime drakes
  28 yaktaurs
  2 kobold demonologists (D:11)
  A tormentor (Abyss:1)
  An anaconda simulacrum (IceCv)
  15 freezing wraiths
  15 komodo dragons
  16 ice devils
  10 tengu conjurers
  14 hellwings
  2 guardian mummies (Crypt:3)
  A sea snake skeleton (Crypt:1)
  A troll (shapeshifter) (Elf:1)
  2 ancient zymes (Abyss:1)
  2 harpy zombies (Crypt:3)
  10 trolls
  9 wind drakes
  An unseen horror skeleton (Crypt:2)
  41 merfolk
  2 ettin zombies
  A harpy skeleton (Crypt:3)
  6 hornets
  3 polar bears (Lair:5)
  14 snapping turtles
  73 slime creatures
  23 blink frogs
  A blink frog (shapeshifter) (D:15)
  2 raiju (Abyss:1)
  12 dream sheep
  2 air elementals (Elf:1)
  An alligator skeleton (Crypt:1)
  15 spriggans
  2 spriggans (shapeshifter)
  2 jumping spiders (shapeshifter)
  3 shadows (D:10)
  A centaur simulacrum (D:10)
  4 dire elephant simulacra (IceCv)
  13 wraiths
  9 water elementals
  4 fire bats (Abyss:1)
  A vampire (D:9)
  65 yaks
  5 wyverns
  3 fire elementals
  21 golden eyes
  Grum (D:11)
  4 basilisks
  A chaos spawn (Abyss:1)
  Eustachio (D:4)
  The ghost of FrankDuskstone the Digger, an amateur MeEE (D:4)
  5 humans (D:10)
  5 death yak simulacra (IceCv)
  A glowing orange brain zombie (Crypt:1)
  A naga zombie (Crypt:3)
  4 large abominations (Abyss:1)
  2 swamp worms (Lair:5)
  A warg (Orc:2)
  2 harpy simulacra (IceCv)
  27 nagas
  An acid dragon (D:10)
  3 hell hounds (Zot:5)
  A hydra simulacrum (IceCv)
  13 water moccasins
  A water moccasin (shapeshifter) (D:13)
  A floating eye (Slime:5)
  A floating eye (shapeshifter) (Vaults:4)
  27 orc warriors
  6 black bears
  4 ice beasts
  A sky beast (D:10)
  12 ogres
  5 starcursed masses (Abyss:1)
  4 small abominations (Abyss:1)
  14 boggarts
  19 wolves
  The ghost of silentkaos13 the Poker, an amateur DsGl (D:4)
  17 centaurs
  A swamp dragon skeleton (Crypt:2)
  13 bullfrogs
  7 kobold brigands
  3 gnoll sergeants
  A scorpion (D:4)
  4 necrophages
  4 cane toad simulacra (IceCv)
  5 earth elementals
  7 wights (D:8)
  4 wyvern skeletons (Crypt:3)
  6 elephant simulacra (IceCv)
  8 killer bees
  A raiju skeleton (Crypt:1)
  A howler monkey (D:9)
  A jelly (D:4)
  5 lava snakes (Lair:3)
  2 hounds (D:6)
  A human zombie (Crypt:2)
  3 gnoll boudas
  20 orc priests
  3 iguanas
  26 orc wizards
  A spriggan simulacrum (IceCv)
  4 troll simulacra (IceCv)
  A polar bear simulacrum (IceCv)
  4 wolf simulacra (IceCv)
  A mummy (Crypt:3)
  27 gnolls
  A steam dragon zombie (Crypt:1)
  8 adders
  A river rat (D:6)
  2 shadow imps
  4 white imps
  2 ufetubi
  2 worms
  2 dart slugs
  111 orcs
  6 ball pythons
  A bat (D:2)
  9 endoplasms
  7 giant cockroaches
  13 goblins
  4 hobgoblins
  5 jackals
  5 quokkas
  2 frilled lizards
  A gnoll skeleton (Crypt:1)
  31 kobolds
  A kobold skeleton (Crypt:1)
  14 rats
  2 river rat skeletons (Crypt:2)
  A butterfly (Lair:4)
  A starspawn tentacle (Abyss:1)
2492 creatures vanquished.

Vanquished Creatures (collateral kills)
  An orb of fire (Zot:2)
  Frederick (Depths:4)
  2 golden dragons (Depths:4)
  A walking divine tome (Depths:4)
  A storm dragon (Zot:4)
  A fire giant (Depths:4)
  2 iron dragons
  A deep elf sorcerer (Vaults:3)
  A draconian scorcher (Zot:4)
  A draconian shifter (Zot:1)
  A draconian stormcaller (Zot:4)
  2 draconian annihilators
  2 black draconians (Zot:1)
  2 dire elephants (Vaults:3)
  A purple draconian (Zot:1)
  A fire dragon (Depths:4)
  An ice dragon (Depths:4)
  A tengu warrior (Depths:1)
  A wizard (Vaults:3)
  A raiju (Abyss:1)
  A neqoxec (Abyss:1)
  A naga (Abyss:1)
27 creatures vanquished.

Vanquished Creatures (others)
  A balrug (Zot:5)
  A draconian scorcher (Zot:1)
  A war gargoyle (Vaults:4)
  2 white draconians
  2 yellow draconians
  Erolcha (D:11)
  A thrashing horror (Abyss:1)
  A deep elf knight (Elf:3)
  A deep troll (Vaults:3)
  A harpy (Shoals:4)
  A water nymph (Shoals:4)
  A naga (Snake:2)
  An ogre (Zot:1)
  12 fungi
  91 plants
  A starspawn tentacle (Abyss:1)
  4 tentacles (Shoals:3)
  4 withered plants (Crypt:3)
127 creatures vanquished.

Grand Total: 2646 creatures vanquished

Notes
Turn   | Place    | Note
-------+----------+-------------------------------------------
     0 | D:1      | concernfroge the Mummy Monk began the quest for the Orb.
     0 | D:1      | Reached XP level 1. HP: 18/18 MP: 1/1
   174 | D:1      | Reached XP level 2. HP: 16/24 MP: 2/2
   807 | D:1      | Reached skill level 4 in Fighting
  1048 | D:2      | Gained mutation: You are in touch with the powers of death.
                  | [Mummy growth]
  1048 | D:2      | Reached XP level 3. HP: 30/30 MP: 3/3
  1441 | D:2      | Found a faded altar of an unknown god.
  2034 | D:2      | Reached XP level 4. HP: 38/38 MP: 4/4
  2245 | D:1      | Reached skill level 5 in Fighting
  2608 | D:4      | Noticed a scorpion
  3486 | D:4      | Killed a scorpion
  3487 | D:4      | Reached skill level 6 in Fighting
  3487 | D:4      | Reached XP level 5. HP: 46/46 MP: 5/5
  3492 | D:4      | Noticed Eustachio
  3558 | D:4      | Killed Eustachio
  3559 | D:4      | Reached skill level 7 in Fighting
  3559 | D:4      | Reached XP level 6. HP: 43/55 MP: 6/6
  3655 | D:5      | Entered Level 5 of the Dungeon
  3731 | D:5      | Noticed an ice beast
  3740 | D:5      | Killed an ice beast
  3754 | D:5      | Reached skill level 8 in Fighting
  3767 | D:5      | Noticed an orc warrior
  3801 | D:6      | Reached XP level 7. HP: 62/62 MP: 7/7
  4221 | D:7      | Reached skill level 9 in Fighting
  4300 | D:7      | Found a flagged portal.
  4314 | D:7      | Reached XP level 8. HP: 67/72 MP: 8/8
  4316 | Bailey   | Entered a bailey
  4338 | Bailey   | Reached skill level 10 in Fighting
  4515 | Bailey   | Identified the +2 cloak "Xappil" {-Tele Harm Will+ Dex+2}
  4700 | D:7      | Paralysed by an orc priest for 2 turns
  4705 | D:7      | Paralysed by an orc priest for 3 turns
  4734 | D:7      | Reached skill level 5 in Polearms
  5402 | D:6      | Reached XP level 9. HP: 61/78 MP: 9/9
  6152 | D:5      | Found a broken altar of Ashenzari.
  6159 | D:5      | Became a worshipper of Ashenzari the Shackled
  6297 | D:5      | Reached * piety under Ashenzari
  7102 | D:4      | Found a staircase to the Ecumenical Temple.
  7129 | Temple   | Entered the Ecumenical Temple
  7514 | D:4      | Identified 3 scrolls of acquirement
  7561 | D:4      | Found a runed translucent gate.
  7563 | D:4      | Found a runed translucent gate.
  7564 | D:4      | Found a runed translucent gate.
  7572 | D:4      | Noticed silentkaos13's ghost (amateur DsGl)
  7572 | D:4      | Noticed FrankDuskstone's ghost (amateur MeEE)
  7573 | D:4      | Noticed elongatedgoose's ghost (novice FoFi)
  8145 | D:8      | Reached ** piety under Ashenzari
  8173 | D:8      | Noticed a deep elf pyromancer
  8185 | D:8      | Killed a deep elf pyromancer
  8283 | D:8      | Reached XP level 10. HP: 54/85 MP: 10/10
  8363 | D:8      | Reached skill level 10 in Polearms
  8911 | D:8      | Noticed a two-headed ogre
  8918 | D:8      | Killed a two-headed ogre
  9696 | D:9      | Noticed a two-headed ogre
  9699 | D:9      | Noticed a moth of wrath
  9699 | D:9      | a two-headed ogre changed into a moth of wrath
  9705 | D:9      | Killed a moth of wrath
  9837 | D:9      | Reached XP level 11. HP: 90/90 MP: 11/11
 10120 | D:9      | Found Robaxt's Antique Weapon Emporium.
 10122 | D:9      | Noticed a two-headed ogre
 10131 | D:9      | Killed a two-headed ogre
 10172 | D:9      | Identified the +4 hand axe of Bere Igojoi {protect, +Blink
                  | SInv}
 10710 | D:10     | Entered Level 10 of the Dungeon
 10812 | D:10     | Noticed a two-headed ogre
 10823 | D:10     | Killed a two-headed ogre
 10837 | D:10     | Acquired 687 gold pieces
 10850 | D:10     | Reached *** piety under Ashenzari
 10870 | D:10     | Noticed an oklob plant
 10874 | D:10     | Found a staircase to the Lair.
 10888 | D:10     | Killed an oklob plant
 10889 | D:10     | Reached skill level 1 in Throwing
 10889 | D:10     | Reached skill level 1 in Evocations
 11302 | D:10     | Reached **** piety under Ashenzari
 11364 | D:10     | Noticed a two-headed ogre
 11370 | D:10     | Killed a two-headed ogre
 11394 | D:10     | Noticed a brown ugly thing
 11402 | D:10     | Killed a brown ugly thing
 11486 | D:10     | Noticed a six-headed hydra
 11657 | Lair:1   | Entered Level 1 of the Lair of Beasts
 11670 | Lair:1   | Reached skill level 1 in Armour
 11670 | Lair:1   | Acquired a +1 double sword of flaming
 11683 | Lair:1   | Noticed Urug
 11692 | Lair:1   | Killed Urug
 11693 | Lair:1   | Reached skill level 1 in Long Blades
 11830 | Lair:1   | Reached XP level 12. HP: 94/97 MP: 12/12
 12119 | Lair:1   | Identified the Grimoire of Ozone
 12692 | Lair:2   | Reached skill level 5 in Armour
 12890 | Lair:2   | Reached skill level 5 in Long Blades
 12962 | Lair:2   | Found a staircase to the Shoals.
 13495 | Lair:3   | Noticed a boulder beetle
 13545 | Lair:3   | Found a frozen archway.
 13565 | IceCv    | Entered an ice cave
 14208 | IceCv    | Gained mutation: You are strongly in touch with the powers
                  | of death. [Mummy growth]
 14208 | IceCv    | Reached XP level 13. HP: 90/103 MP: 13/13
 14257 | IceCv    | Identified the ring of Xeuggao {*Corrode rC+ rN+ Int-3
                  | Dex+9}
 14468 | IceCv    | Found an ancient bone altar of Kikubaaqudgha.
 15423 | Lair:3   | Found a staircase to the Snake Pit.
 15443 | Lair:3   | Reached skill level 10 in Long Blades
 16245 | Lair:4   | Found a staircase to the Slime Pits.
 16245 | Lair:4   | Noticed an acid blob
 16245 | Lair:4   | Noticed an acid blob
 16252 | Lair:4   | Found a runed translucent door.
 16311 | Lair:5   | Entered Level 5 of the Lair of Beasts
 16829 | Lair:5   | Reached XP level 14. HP: 100/110 MP: 14/14
 17924 | Lair:5   | Identified the amulet "Heod Dot" {Rampage Regen+ rCorr}
 18932 | D:4      | Killed elongatedgoose's ghost
 18936 | D:4      | Killed silentkaos13's ghost
 18941 | D:4      | Killed FrankDuskstone's ghost
 19241 | D:11     | Noticed Erolcha
 19253 | D:11     | Noticed Grum
 19269 | D:11     | Killed Erolcha
 19273 | D:11     | Killed Grum
 19458 | D:11     | Noticed Maurice
 19614 | D:11     | Killed Maurice
 19975 | D:11     | Reached skill level 5 in Dodging
 19975 | D:11     | Reached skill level 5 in Evocations
 19984 | D:11     | Reached skill level 5 in Throwing
 20143 | D:11     | Found Kafu's Weapon Shop.
 20178 | D:11     | Found a staircase to the Orcish Mines.
 20178 | D:11     | Found Musmu Werghua's Armour Shop.
 20778 | D:12     | Reached XP level 15. HP: 92/120 MP: 15/15
 20976 | Orc:1    | Entered Level 1 of the Orcish Mines
 20976 | Orc:1    | Found an iron altar of Okawaru.
 21426 | Orc:2    | Entered Level 2 of the Orcish Mines
 21960 | Orc:2    | Found a staircase to the Elven Halls.
 22569 | Orc:2    | Found Iwuoziniap's Weapon Shoppe.
 22569 | Orc:2    | Found Aplafrim's Antique Weapon Boutique.
 22571 | Orc:2    | Found Cigeuxia's Book Shoppe.
 22571 | Orc:2    | Found Wistraz's Jewellery Boutique.
 22934 | D:13     | Reached skill level 1 in Shields
 23217 | D:13     | Identified the +1 leather armour "Naxilud" {rF++ rCorr
                  | Str+2 Int-2}
 23612 | D:13     | Found a gate to the Vaults.
 23911 | D:14     | Reached skill level 5 in Shields
 23926 | D:14     | Reached ***** piety under Ashenzari
 24044 | D:14     | Found the +8 frozen axe "Frostbite" {freezing cloud, *Noise
                  | Fly rC+}
 24582 | D:15     | Entered Level 15 of the Dungeon
 24583 | D:15     | Acquired the ring of Xedwaihi {Will+ Slay+6}
 24681 | D:15     | Found a staircase to the Depths.
 24859 | D:15     | Found the ring of the Octopus King {rC+ HP+2 AC+2 EV+2
                  | SH+2}
 24859 | D:15     | Found the ring of the Octopus King {rC+ HP+2 AC+2 EV+2
                  | SH+2}
 25052 | D:15     | Reached XP level 16. HP: 129/129 MP: 16/16
 25945 | Snake:1  | Entered Level 1 of the Snake Pit
 26130 | Snake:1  | Noticed Aizul
 26147 | Snake:1  | Killed Aizul
 26319 | Snake:1  | Noticed Donald
 26333 | Snake:1  | Killed Donald
 27478 | Snake:2  | Noticed Nikola
 27484 | Snake:2  | Killed Nikola
 28038 | Snake:3  | Reached skill level 10 in Dodging
 28972 | Snake:3  | Reached XP level 17. HP: 131/137 MP: 17/17
 29330 | Shoals:1 | Entered Level 1 of the Shoals
 29378 | Shoals:1 | Found Sohoeqepp's Antique Weapon Boutique.
 30909 | Shoals:3 | Noticed Mlioglotl
 30922 | Shoals:3 | Killed Mlioglotl
 30923 | Shoals:3 | Reached skill level 11 in Fighting
 30992 | Shoals:3 | Identified the +9 falchion of Responsibility {freeze, rCorr
                  | Dex+4 Stlth+}
 31234 | Shoals:3 | Noticed a kraken
 31235 | Shoals:3 | a kraken changed into a ghost moth
 31943 | Shoals:4 | Entered Level 4 of the Shoals
 31994 | Shoals:4 | Noticed Ilsuiw
 32332 | Shoals:4 | Got a barnacled rune of Zot
 32547 | Snake:4  | Entered Level 4 of the Snake Pit
 32720 | Snake:4  | Reached XP level 18. HP: 147/147 MP: 18/18
 33287 | Snake:4  | Reached skill level 10 in Armour
 33369 | Snake:4  | Got a serpentine rune of Zot
 33808 | Elf:1    | Entered Level 1 of the Elven Halls
 34249 | Vaults:1 | Entered Level 1 of the Vaults
 35050 | Vaults:1 | Reached skill level 15 in Dodging
 36096 | Vaults:2 | Noticed Bai Suzhen
 36459 | Vaults:2 | Reached XP level 19. HP: 155/155 MP: 19/19
 36798 | Vaults:2 | Noticed Mennas
 36993 | Vaults:3 | Noticed Margery
 37266 | Slime:1  | Entered Level 1 of the Pits of Slime
 38445 | Slime:5  | Entered Level 5 of the Pits of Slime
 38679 | Slime:5  | Noticed the Royal Jelly
 39821 | Slime:5  | Found a viscous altar of Jiyva.
 39821 | Slime:5  | Identified the ring of Syvex {rN+ Str+4 Dex+5}
 39825 | Slime:5  | Identified the amulet "Ixkul" {Reflect Rampage rC+ SH+5}
 39826 | Slime:5  | Identified the amulet of Pumuacw {Spirit Slay+2}
 39842 | Slime:5  | Paralysed by a floating eye for 3 turns
 41231 | Elf:1    | Paralysed by an air elemental for 1 turns
 41464 | Elf:1    | Paralysed by an air elemental for 1 turns
 41483 | Elf:1    | Identified the Dissertation on Conjuration
 41530 | Elf:1    | Reached XP level 20. HP: 162/162 MP: 20/20
 41725 | Elf:1    | Noticed Louise
 41743 | Elf:1    | Killed Louise
 42380 | Elf:2    | Identified the +0 mace "Zujysuod" {venom, Str+3}
 42484 | Elf:2    | Found a runed translucent gate.
 42485 | Elf:2    | Found a runed translucent gate.
 42485 | Elf:2    | Found a runed translucent gate.
 42773 | Elf:2    | Found a portal to a secret trove of treasure.
 43902 | Shoals:4 | Identified the +8 longbow of Pandemonium {flame, Str+2}
 43957 | Shoals:4 | Identified the ring "Duugehe" {Int+5 Dex+6}
 44207 | Shoals:4 | Killed Ilsuiw
 44958 | Shoals:4 | Identified the Guidebook on Alluring Adjuration
 45013 | Shoals:4 | Reached skill level 10 in Shields
 45478 | Slime:5  | Killed the Royal Jelly
 45718 | Slime:5  | Got a slimy rune of Zot
 46523 | Depths:1 | Entered Level 1 of the Depths
 46635 | Depths:1 | Found Rumosie's Distillery.
 46641 | Depths:1 | Found Osuikledd's General Store.
 46647 | Depths:1 | Bought 2 scrolls of enchant armour for 165 gold pieces
 46680 | Depths:1 | Found a one-way gateway to a ziggurat.
 46967 | Depths:1 | Found a gateway to Hell.
 47392 | Depths:1 | Found a hazy altar of Hepliaklqana.
 47736 | Depths:1 | Reached XP level 21. HP: 163/167 MP: 21/21
 47819 | Depths:1 | Reached skill level 12 in Fighting
 48166 | Depths:2 | Noticed a juggernaut
 48173 | Depths:2 | Noticed a caustic shrike
 48177 | Depths:2 | Killed a caustic shrike
 48182 | Depths:2 | Killed a juggernaut
 48438 | Depths:2 | Found a one-way gate leading to the halls of Pandemonium.
 50098 | Depths:3 | Found a one-way gate to the infinite horrors of the Abyss.
 50865 | Depths:3 | Found Qiati's Book Shop.
 50865 | Depths:3 | Found Dyhuq's Jewellery Emporium.
 50866 | Depths:3 | Found Tuas's Book Shop.
 51140 | Depths:3 | Reached skill level 13 in Fighting
 51404 | Depths:4 | Entered Level 4 of the Depths
 51479 | Depths:4 | Noticed Frederick
 51489 | Depths:4 | Killed Frederick
 52014 | Depths:4 | Reached XP level 22. HP: 107/183 MP: 22/22
 52201 | Depths:4 | Noticed a golden dragon
 52205 | Depths:4 | Noticed a golden dragon
 52219 | Depths:4 | Killed a golden dragon
 52221 | Depths:4 | Killed a golden dragon
 52436 | Depths:4 | Reached skill level 10 in Throwing
 52532 | Depths:4 | Noticed a golden dragon
 52546 | Depths:4 | Killed a golden dragon
 52631 | Depths:4 | Paralysed by a floating eye for 3 turns
 53040 | Depths:4 | Noticed a golden dragon
 53043 | Depths:4 | Found a gate to the Realm of Zot.
 53268 | Depths:4 | Reached skill level 14 in Fighting
 54001 | Elf:3    | Entered Level 3 of the Elven Halls
 54228 | Elf:3    | Noticed Mara
 54234 | Elf:3    | Noticed concernfroge's illusion
 54235 | Elf:3    | Killed Mara
 54715 | Elf:3    | Identified the ring of Joy {Ice SInv}
 55476 | Elf:3    | Reached skill level 15 in Fighting
 56052 | Elf:3    | Identified Ywuse's Compendium of Grit and Fire
 56061 | Elf:3    | Identified the +4 bardiche of World Downfall {flame, rN+
                  | Dex+6}
 56610 | Depths:3 | Voluntarily entered the Abyss.
 56683 | Abyss:1  | Found a corrupted altar of Lugonu.
 56871 | Abyss:1  | Found a corrupted altar of Lugonu.
 56871 | Abyss:1  | Found a corrupted altar of Lugonu.
 56871 | Abyss:1  | Found a corrupted altar of Lugonu.
 56885 | Abyss:1  | Found a corrupted altar of Lugonu.
 57181 | Depths:3 | Escaped the Abyss
 57463 | Vaults:3 | Killed Margery
 57472 | Vaults:3 | Reached XP level 23. HP: 126/196 MP: 23/23
 57933 | Vaults:3 | Noticed Jory
 57952 | Vaults:3 | Killed Jory
 58087 | Vaults:3 | Found Ipnousm's Jewellery Boutique.
 58367 | Vaults:3 | Reached skill level 16 in Fighting
 58634 | Vaults:3 | Found a basalt altar of Yredelemnul.
 58643 | Vaults:3 | Found a staircase to the Crypt.
 58643 | Vaults:3 | Found an ancient bone altar of Kikubaaqudgha.
 59067 | Crypt:1  | Entered Level 1 of the Crypt
 59197 | Crypt:1  | Reached skill level 17 in Fighting
 59376 | Crypt:1  | Found a hide-covered altar of Uskayaw.
 60095 | Crypt:2  | Identified the +5 scale mail "Todao" {Str-4 Dex+4 SInv
                  | Stlth+}
 60123 | Crypt:2  | Reached skill level 10 in Evocations
 60694 | Crypt:3  | Entered Level 3 of the Crypt
 60843 | Crypt:3  | Noticed a dread lich
 61461 | Crypt:3  | Noticed an ancient lich
 61542 | Crypt:3  | Found a staircase to the Tomb.
 61689 | Crypt:3  | Reached skill level 18 in Fighting
 61792 | Crypt:3  | Found an ancient bone altar of Kikubaaqudgha.
 61912 | Crypt:3  | Identified the +7 rapier "Gudikene" {vorpal, Fragile +Blink
                  | Will+ Int+4}
 61928 | Crypt:3  | Killed a dread lich
 61929 | Crypt:3  | Reached XP level 24. HP: 209/212 MP: 23/23
 61939 | Crypt:3  | Killed an ancient lich
 62707 | Vaults:4 | Reached skill level 19 in Fighting
 63231 | Vaults:4 | Noticed Saint Roka
 63254 | Vaults:4 | Killed Saint Roka
 63504 | Vaults:4 | Identified the +5 halberd of Fate {vorpal, Stlth+}
 64368 | Zot:1    | Entered Level 1 of the Realm of Zot
 66077 | Zot:1    | Reached XP level 25. HP: 87/219 MP: 23/23
 67549 | Zot:2    | Noticed an orb of fire
 68121 | Zot:2    | Identified the +4 war axe of Saylieto {venom, SInv}
 68445 | Zot:2    | Killed an orb of fire
 68609 | Zot:3    | Noticed an orb of fire
 68618 | Zot:2    | Killed an orb of fire
 68754 | Zot:3    | Noticed Parghit
 69215 | Zot:3    | Reached skill level 15 in Armour
 69220 | Zot:3    | Reached skill level 15 in Shields
 70980 | Zot:3    | Killed Parghit
 71992 | Zot:4    | Reached XP level 26. HP: 183/231 MP: 23/23
 72718 | Zot:4    | Reached skill level 15 in Evocations
 72872 | Zot:5    | Entered Level 5 of the Realm of Zot
 73274 | Zot:5    | Noticed an orb of fire
 74075 | Zot:5    | Noticed an ancient lich
 74209 | Zot:5    | Noticed an ancient lich
 74247 | Zot:5    | Killed an ancient lich
 74472 | Zot:5    | Noticed a dread lich
 74558 | Zot:5    | Killed an orb of fire
 74626 | Zot:5    | Noticed an orb of fire
 74651 | Zot:5    | Killed an orb of fire
 74917 | Zot:5    | Noticed a dread lich
 74974 | Zot:5    | Noticed an ancient lich
 75000 | Zot:5    | Noticed an ancient lich
 75120 | Zot:5    | Killed a dread lich
 75238 | Zot:5    | Killed an ancient lich
 75273 | Zot:5    | Killed an ancient lich
 75737 | Zot:5    | Reached XP level 27. HP: 240/240 MP: 24/24
 75751 | Zot:5    | Got the Orb of Zot
 75760 | Zot:5    | Noticed an ancient lich
 75760 | Zot:5    | Noticed a dread lich
 75760 | Zot:5    | Noticed a dread lich
 75761 | Zot:5    | Noticed an ancient lich
 75761 | Zot:5    | Noticed an orb of fire
 75822 | Zot:5    | Killed from afar by a Hell Sentinel

Illustrated notes

Levels and vault maps discovered:
D:1:      lightli_molten_gateway, layout_loops_ring, minivault_11,
          hangedman_decor_growths
D:2:      layout_loops_ring, chequers_ecumenical_altar_island,
          minmay_fractal_squares_gapless_5
D:3:      layout_basic, kennysheep_decorative_pillar, minmay_hedge_maze,
          interstate_on_off
D:4:      cheibrodos_quashed, layout_rooms, minmay_temple_entry_purple_smoke,
          gammafunk_ghost_cemetery, uniq_eustachio
D:5:      layout_gridville, kennysheep_little_box, lightli_minifort
D:6:      layout_loops_corners, gup_sewer_entry_bubbles
D:7:      layout_rooms, enter_bailey_4, minmay_misc_feat_enclosed
D:8:      layout_layer_cave, kennysheep_pointless_box, st_stairs_11,
          minmay_quadrilaterals
D:9:      kennysheep_blocky_hall, layout_loops_corners, serial_shops,
          nicolae_shop_overgrown_old_shop, nrook_pool_corridor
D:10:     wad_arrow_thing, layout_stronghold, dpeg_oklobed_lair,
          amethyst_killhole, chequers_serial_rivers_micro_c,
          grunt_ministairs_14, hangedman_decor_peaks_small, minmay_ruffians
D:11:     layout_gridville, orc_david_3, small_chamber_with_monster, uniq_grum,
          uniq_maurice, uniq_erolcha
D:12:     layout_irregular_city
D:13:     layout_cave_pools, grunt_vaults_entry_fortified
D:14:     layout_roguey, kennysheep_doodads, hellmonk_guarded_unrand_frostbite
D:15:     hangedman_depths_entry_try_elsewhere_first, layout_basic,
          hangedman_decor_diamond_cutter, minmay_pinched_square
Temple:   roderic_octagonal_lattice_temple
Lair:1:   layout_chaotic_city, columned_hall_lemuel, grunt_megastairs_1,
          uniq_urug
Lair:2:   layout_regular_city, minmay_shoals_entry_lonely_mermaid,
          grunt_megastairs_5
Lair:3:   cheibrodos_magma_flow, layout_regular_city,
          minmay_snake_entry_guardpost_small, portal_ice_cave_rime,
          grunt_forest_small_clearings, nzn_sisyphean_effort
Lair:4:   layout_hall_layers, slime_entry_2, lemuel_fruit_fields
Lair:5:   minmay_lair_end_enchanted_forest, layout_gridlike, worms_lemuel
Shoals:1: layout_shoals, serial_shops, nicolae_shop_stone
Shoals:2: layout_shoals
Shoals:3: cheibrodos_shoals_oceanic_diplomacy, layout_shoals,
          nicolae_shoals_nymph_descending_staircase, uniq_mlioglotl
Shoals:4: shoals_end_simple, layout_shoals, shoal_ilsuiw,
          nicolae_shoals_water_booths
Snake:1:  layout_misc_corridors, uniq_donald, uniq_aizul
Snake:2:  layout_chambers, serial_bayou_shore_b, uniq_nikola
Snake:3:  nicolae_snake_unarmed_stairs_patrol, layout_cave_town, st_stairs_5,
          serial_bayou_shore_a
Snake:4:  hellmonk_snake_rune_quicksilver_temple, layout_rooms
Slime:1:  layout_caves
Slime:2:  layout_caves
Slime:3:  layout_caves
Slime:4:  layout_caves, cheibrodos_slime_lost_civilization_4
Slime:5
Orc:1:    layout_caves, basic_altar, okawaru_metal_pillars_3
Orc:2:    grunt_orc_tribal_feast, layout_caves, nicolae_orc_stony_grotto,
          nicolae_orc_jurassic_orc
Elf:1:    layout_geoelf_grid, minmay_elf_sorcery, uniq_louise
Elf:2:    nicolae_elf_blades_crystal_corner, layout_geoelf_octagon,
          enter_trove_5
Elf:3:    elf_hall_gauntlet_wide, layout_rooms, uniq_mara
Vaults:1: nicolae_vaults_network_square, nicolae_vaults_ring_of_whatevers,
          nicolae_vaults_little_squares_5, v_misc_27, hangedman_vaults_cutoff,
          v_pattern_3, vaults_room_door_hall, v_misc_27, layout_vaults_omnigrid
Vaults:2: vaults_room_pools, nicolae_vaults_what_the_h, v_misc_9,
          gammafunk_the_bubble [the_bubble_gammafunk_grid], v_misc_29,
          nicolae_vaults_little_ls, grunt_vaults_hallway_short,
          nicolae_vaults_rhombus_6, layout_vaults_chaotic_city, uniq_bai_suzhen,
          uniq_mennas
Vaults:3: mu_enter_wizlab_3, minmay_crypt_entry_necro_gods,
          grunt_vaults_hallway_short, ontoclasm_vaults_eye,
          vaults_room_grunt_arrival_ludios, hangedman_vaults_snaps,
          vaults_standard_mumra_enter_the_diamond, vaults_room_boxed,
          vaults_dpeg_encased_lava, ontoclasm_vaults_shuriken,
          nicolae_vaults_diagonal_hallway_7, v_pattern_1,
          nicolae_vaults_little_squares_3, vaults_room_door_ring,
          ontoclasm_vaults_gateway, nicolae_vaults_angled_halls,
          layout_vaults_ring, serial_shops, nicolae_square_shop, uniq_margery,
          uniq_jory
Vaults:4: hangedman_vaults_nodes, nicolae_vaults_an_arrangement,
          vaults_mumra_hexcomb, grunt_vaults_funnel, v_misc_28,
          nicolae_vaults_rhombus_5, hangedman_vaults_stretched_pinwheel,
          v_alt_pattern_6, nicolae_vaults_network_star, v_alt_pattern_4,
          layout_vaults_big_cross, uniq_saint_roka
Crypt:1:  dreamdust_cat_pyramid, layout_misc_corridors, nicolae_danse_macabre
Crypt:2:  layout_chaotic_city
Crypt:3:  evilmike_haunted_forest
Depths:1: layout_small_grid, enter_ziggurat_b, grunt_hell_horde,
          nicolae_hepliaklqana_monster_ancestors, grunt_megastairs_2,
          minmay_shoptagon
Depths:2: minmay_crescents, layout_honeycomb, hell_entry,
          rand_demon_pan_entry_4, minmay_misc_feat_rugged,
          minmay_staircase_bubble
Depths:3: nzn_winding_woodlands_three_and_one
          [nzn_winding_woodlands_5x15_pockets, nzn_winding_woodlands_5x15_cabin,
          nzn_winding_woodlands_5x15_parted,
          nzn_winding_woodlands_center_diamonds], layout_basic, pf_coc_iceberg,
          kennysheep_cross_bottleneck, abyss_entry,
          infiniplex_staircase_9_rooms, minmay_shop_grove, firewood_loft
Depths:4: grunt_runaround [grunt_runaround_doors_1, grunt_runaround_doors_2,
          grunt_runaround_doors_3, grunt_runaround_doors_4,
          grunt_runaround_zot], pan_entry, hell_entry, uniq_frederick
Zot:1:    lemuel_halls_of_wrath, layout_gridlike
Zot:2:    grunt_twist_and_shout, layout_concentric_octagons
Zot:3:    layout_basic, uniq_parghit
Zot:4:    layout_onion_interference
Zot:5:    layout_gridlike, st_stairs_5, grunt_ministairs_1

Skill      XL: |  1  2  3  4  5  6  7  8  9 10 11 12 13 14 15 16 17 18 19 20 21 22 23 24 25 26 |
---------------+-------------------------------------------------------------------------------+-----
Fighting       | 4 6 7 8 9 10 11 13 15 18 19 | 19.8
Polearms       | 6 9 12 | 12.8
Throwing       | 3 5 6 7 8 9 12 13 | 13.7
Evocations     | 3 5 6 7 8 9 11 14 15 | 15.8
Dodging        | 3 5 7 11 12 16 18 | 18.7
Armour         | 3 6 9 10 12 13 15 17 | 17.5
Long Blades    | 3 7 11 13 | 13.1
Shields        | 6 7 10 11 12 13 15 17 | 17.5
Stealth        | |  1.5

Action                   |  1- 3 |  4- 6 |  7- 9 | 10-12 | 13-15 | 16-18 | 19-21 | 22-24 | 25-27 || total
-------------------------+-------+-------+-------+-------+-------+-------+-------+-------+-------++-------
Melee: Spear             |   197 |   114 |       |     4 |       |       |       |       |       ||   315
       Punch             |     5 |       |     1 |       |     4 |       |       |       |       ||    10
       Mace              |       |    80 |   105 |       |       |       |       |       |       ||   185
       Glaive            |       |       |   376 |   751 |  1263 |       |       |       |       ||  2390
       Halberd           |       |       |    73 |       |       |       |       |       |       ||    73
       Double sword      |       |       |       |   109 |   462 |  1503 |  2034 |  2327 |  1442 ||  7877
Throw: Boomerang         |     3 |     9 |    18 |     7 |    35 |   270 |   176 |    15 |    11 ||   544
       Dart              |       |       |       |     3 |    43 |    14 |    72 |   153 |    54 ||   339
       Throwing net      |       |       |       |     2 |       |       |     5 |       |       ||     7
       Javelin           |       |       |       |    10 |    11 |    14 |    16 |    19 |    25 ||    95
Invok: Curse Item        |       |       |     3 |     3 |     4 |     3 |     1 |     1 |     2 ||    17
       Shatter the Chain |       |       |       |     1 |     2 |     2 |     1 |     2 |       ||     8
Evoke: Wand              |       |       |     1 |    19 |    25 |    42 |    18 |    10 |    28 ||   143
       Condenser vane    |       |       |       |     1 |     2 |     3 |     3 |     6 |     7 ||    22
       Tin of tremorston |       |       |       |       |     6 |    11 |     9 |    11 |     9 ||    46
       Lightning rod     |       |       |       |       |       |    11 |     5 |     9 |     5 ||    30
       Phial of floods   |       |       |       |       |       |       |     3 |     4 |     3 ||    10
       Phantom mirror    |       |       |       |       |       |       |     4 |     5 |     4 ||    13
       Box of beasts     |       |       |       |       |       |       |     3 |     8 |     8 ||    19
  Use: Scroll            |       |    13 |     4 |    11 |    10 |    14 |    18 |     5 |    22 ||    97
 Stab: Sleeping          |     7 |       |       |       |       |       |       |       |       ||     7
       Paralysed         |       |       |     5 |     7 |       |    11 |     2 |       |       ||    25
       Invisible         |       |       |       |     2 |     3 |       |       |       |     1 ||     6
       Distracted        |       |       |       |       |       |       |       |     2 |       ||     2
       Confused          |       |       |       |       |       |       |       |       |     1 ||     1
Armor: Robe              |    13 |       |       |       |       |       |       |       |       ||    13
       Ring mail         |    23 |    15 |       |       |       |       |       |       |       ||    38
       Chain mail        |       |    63 |   126 |       |       |       |       |       |       ||   189
       Crystal plate arm |       |       |   372 |   634 |  1498 |  1015 |  1101 |  1194 |   296 ||  6110
       Gold dragon scale |       |       |       |       |       |       |       |       |   454 ||   454
Dodge: Dodged            |    92 |   130 |   277 |   341 |   663 |   478 |   617 |   949 |   462 ||  4009
       Repelled          |       |       |       |       |       |    11 |    27 |    32 |    51 ||   121
Block: Kite shield       |       |       |       |       |   164 |   669 |       |       |       ||   833
       Tower shield      |       |       |       |       |       |   378 |  1123 |   307 |  1403 ||  3211
       Buckler           |       |       |       |       |       |       |   299 |   862 |       ||  1161
